General information
- name: BNet
- type: Ladder team game (AT/RT)
- host: Battle.net
- saver: dogsandhorse.ru
map: GolemsInTheMist
- players: 8
- length: 14:19
- speed: Fast
- version: 1.26 W3XP
- replay type:

» download(158 KB)
Players
team 1 (winner)
Birdeneering (
red | 148 APM | 2113 actions | 14:19)
3 Mountain King
2 Storm Bolt
1 Bash
1 Paladin
1 Holy Light
» actions
| Assign group hotkey | 416 | |
| Basic commands | 8 | |
| Build / train | 89 | |
| Enter build submenu | 62 | |
| Enter hero's abilities submenu | 4 | |
| Give item / drop item | 1 | |
| Remove unit from queue | 1 | |
| Right click | 954 | |
| Select / deselect | 201 | |
| Select group hotkey | 274 | |
| Use ability | 103 | |
2113 total
» units
» upgrades
| Masonry | 2 | |
| Lumber Harvesting | 1 | |
| Magic Sentry | 1 | |
4 total
» buildings
| Altar of Kings | 1 | |
| Farm | 5 | |
| Scout Tower | 50 | |
| Lumber Mill | 1 | |
| Arcane Tower | 4 | |
| Guard Tower | 29 | |
| Town Hall | 1 | |
| Arcane Vault | 4 | |
| Keep | 1 | |
| Arcane Sanctum | 1 | |
| Castle | 4 | |
101 total
» build order
00:03 Altar of Kings
00:18 Farm
00:33 Farm
01:00 Scout Tower
01:29 Lumber Mill
01:33 Scout Tower
01:36 Scout Tower
01:44 Arcane Tower
01:48 Scout Tower
01:56 Scout Tower
02:02 Scout Tower
02:26 Arcane Tower
02:55 Farm
03:00 Guard Tower
03:14 Guard Tower
03:39 Guard Tower
03:41 Guard Tower
03:42 Scout Tower
04:14 Scout Tower
04:16 Scout Tower
04:18 Guard Tower
04:19 Scout Tower
04:20 Scout Tower
04:27 Farm
04:31 Farm
04:42 Guard Tower
04:46 Scout Tower
04:46 Guard Tower
04:48 Scout Tower
04:50 Guard Tower
04:51 Guard Tower
04:52 Scout Tower
05:17 Scout Tower
05:17 Guard Tower
06:04 Scout Tower
06:07 Town Hall
06:19 Scout Tower
06:32 Guard Tower
06:35 Guard Tower
06:41 Arcane Vault
06:43 Scout Tower
07:12 Keep
07:16 Guard Tower
07:17 Scout Tower
07:19 Arcane Vault
07:55 Scout Tower
08:03 Guard Tower
08:05 Scout Tower
08:05 Scout Tower
08:20 Guard Tower
08:36 Scout Tower
08:37 Scout Tower
08:45 Guard Tower
08:47 Scout Tower
08:51 Arcane Tower
09:02 Guard Tower
09:05 Scout Tower
09:07 Scout Tower
09:07 Scout Tower
09:30 Guard Tower
09:34 Arcane Tower
09:35 Guard Tower
09:54 Guard Tower
09:56 Scout Tower
09:57 Guard Tower
09:58 Scout Tower
10:13 Guard Tower
10:14 Scout Tower
10:15 Scout Tower
10:35 Guard Tower
10:36 Scout Tower
10:37 Scout Tower
10:41 Guard Tower
10:55 Arcane Vault
10:59 Arcane Vault
11:07 Arcane Sanctum
11:08 Guard Tower
11:10 Scout Tower
11:10 Scout Tower
11:19 Scout Tower
11:20 Scout Tower
11:21 Scout Tower
11:21 Scout Tower
11:23 Scout Tower
11:24 Scout Tower
11:24 Scout Tower
11:25 Scout Tower
11:30 Guard Tower
11:33 Scout Tower
11:53 Castle
11:53 Castle
12:31 Scout Tower
12:31 Guard Tower
13:03 Scout Tower
13:38 Scout Tower
14:09 Guard Tower
14:13 Guard Tower
14:17 Scout Tower
14:18 Scout Tower
» items
| Healing Salve | 1 | |
| Scroll of Regeneration | 3 | |
| Scroll of Town Portal | 1 | |
| Potion of Healing | 1 | |
6 total
dogsandhorse.ru (
teal | 117 APM | 1683 actions | 14:19)
3 Blademaster
2 Wind Walk
1 Critical Strike
» actions
| Assign group hotkey | 5 | |
| Basic commands | 1 | |
| Build / train | 40 | |
| Enter build submenu | 34 | |
| Enter hero's abilities submenu | 3 | |
| Give item / drop item | 1 | |
| Right click | 1069 | |
| Select / deselect | 140 | |
| Select group hotkey | 223 | |
| Use ability | 167 | |
1683 total
» units
» upgrades
| Ranged Weapons | 2 | |
| Liquid Fire | 1 | |
3 total
» buildings
| Orc Burrow | 4 | |
| War Mill | 1 | |
| Altar of Storms | 1 | |
| Voodoo Lounge | 5 | |
| Watch Tower | 14 | |
| Stronghold | 1 | |
| Beastiary | 3 | |
| Fortress | 1 | |
30 total
» build order
00:24 Orc Burrow
00:35 War Mill
00:42 Altar of Storms
01:32 Voodoo Lounge
02:01 Watch Tower
02:44 Watch Tower
03:05 Watch Tower
03:43 Watch Tower
03:45 Watch Tower
03:57 Watch Tower
04:09 Stronghold
04:13 Orc Burrow
04:35 Voodoo Lounge
04:38 Voodoo Lounge
04:40 Voodoo Lounge
05:23 Watch Tower
05:26 Watch Tower
05:45 Orc Burrow
06:28 Watch Tower
06:40 Beastiary
06:58 Orc Burrow
07:16 Beastiary
07:18 Beastiary
07:57 Watch Tower
07:58 Watch Tower
08:32 Voodoo Lounge
10:06 Fortress
10:26 Watch Tower
10:28 Watch Tower
10:32 Watch Tower
» items
| Healing Salve | 3 | |
| Lesser Clarity Potion | 4 | |
7 total
IggyIsWrong (
pink | 111 APM | 1586 actions | 14:18)
2 Archmage
1 Blizzard
1 Brilliance Aura
2 Mountain King
1 Storm Bolt
1 Bash
» actions
| Assign group hotkey | 120 | |
| Basic commands | 80 | |
| Build / train | 113 | |
| ESC pressed | 1 | |
| Enter build submenu | 49 | |
| Enter hero's abilities submenu | 4 | |
| Remove unit from queue | 9 | |
| Right click | 568 | |
| Select / deselect | 348 | |
| Select group hotkey | 150 | |
| Use ability | 144 | |
1586 total
» units
» upgrades
| Masonry | 4 | |
| Magic Sentry | 1 | |
| Lumber Harvesting | 1 | |
6 total
» buildings
| Altar of Kings | 1 | |
| Farm | 6 | |
| Lumber Mill | 1 | |
| Scout Tower | 34 | |
| Guard Tower | 49 | |
| Arcane Vault | 1 | |
| Keep | 2 | |
| Town Hall | 1 | |
| Blacksmith | 1 | |
| Arcane Tower | 2 | |
| Arcane Sanctum | 1 | |
| Castle | 3 | |
102 total
» build order
00:05 Altar of Kings
00:07 Farm
00:25 Lumber Mill
01:02 Scout Tower
01:04 Scout Tower
01:20 Farm
01:27 Scout Tower
01:32 Scout Tower
01:35 Scout Tower
01:45 Guard Tower
01:45 Guard Tower
01:45 Guard Tower
02:01 Guard Tower
02:02 Guard Tower
02:02 Guard Tower
02:13 Guard Tower
02:14 Guard Tower
02:14 Guard Tower
02:25 Guard Tower
02:26 Guard Tower
02:49 Scout Tower
03:05 Scout Tower
03:06 Scout Tower
03:07 Scout Tower
03:13 Farm
03:33 Scout Tower
03:34 Guard Tower
03:34 Guard Tower
03:55 Scout Tower
04:10 Arcane Vault
04:14 Guard Tower
04:15 Guard Tower
04:28 Guard Tower
04:33 Guard Tower
04:34 Guard Tower
04:34 Guard Tower
04:53 Farm
04:53 Farm
05:00 Keep
05:00 Keep
05:25 Scout Tower
05:26 Scout Tower
05:30 Scout Tower
05:57 Scout Tower
05:58 Scout Tower
06:01 Guard Tower
06:03 Scout Tower
06:07 Guard Tower
06:08 Scout Tower
06:14 Town Hall
06:15 Scout Tower
06:18 Scout Tower
06:19 Scout Tower
06:19 Scout Tower
06:29 Guard Tower
06:29 Guard Tower
06:30 Guard Tower
06:31 Guard Tower
06:36 Scout Tower
06:37 Guard Tower
06:47 Farm
06:52 Scout Tower
06:53 Scout Tower
07:04 Blacksmith
07:12 Scout Tower
07:13 Arcane Tower
07:14 Arcane Tower
07:23 Guard Tower
07:25 Scout Tower
07:41 Arcane Sanctum
08:01 Scout Tower
08:02 Guard Tower
08:10 Guard Tower
08:15 Guard Tower
08:15 Guard Tower
08:15 Guard Tower
09:53 Castle
09:54 Castle
10:06 Scout Tower
10:06 Guard Tower
11:12 Guard Tower
11:41 Scout Tower
11:42 Scout Tower
11:42 Scout Tower
11:43 Scout Tower
11:44 Scout Tower
12:47 Guard Tower
12:47 Guard Tower
» items
| Scroll of Regeneration | 1 | |
| Orb of Lightning | 1 | |
| Healing Salve | 1 | |
| Lesser Clarity Potion | 1 | |
4 total
nutsonyochin.de (
orange | 88 APM | 1255 actions | 14:19)
3 Warden
2 Shadow Strike
1 Blink
1 Mountain King
1 Storm Bolt
» actions
| Assign group hotkey | 3 | |
| Basic commands | 19 | |
| Build / train | 50 | |
| ESC pressed | 2 | |
| Enter build submenu | 16 | |
| Enter hero's abilities submenu | 4 | |
| Right click | 754 | |
| Select / deselect | 129 | |
| Select group hotkey | 217 | |
| Use ability | 61 | |
1255 total
» units
» upgrades
| Nature's Blessing | 1 | |
| Well Spring | 1 | |
2 total
» buildings
| Altar of Elders | 2 | |
| Moon Well | 10 | |
| Tree of Ages | 2 | |
| Tree of Life | 1 | |
| Tree of Eternity | 1 | |
| Hunter's Hall | 1 | |
| Ancient of Wonders | 1 | |
| Ancient of Wind | 1 | |
19 total
» build order
00:47 Altar of Elders
00:48 Moon Well
00:51 Altar of Elders
00:52 Moon Well
01:21 Moon Well
04:19 Moon Well
05:21 Moon Well
05:42 Tree of Ages
05:42 Tree of Ages
07:16 Moon Well
07:16 Moon Well
07:57 Moon Well
08:39 Tree of Life
09:00 Tree of Eternity
10:11 Hunter's Hall
10:17 Moon Well
10:18 Moon Well
10:28 Ancient of Wonders
12:22 Ancient of Wind
» items
| Healing Salve | 2 | |
| Lesser Clarity Potion | 3 | |
| Orb of Venom | 2 | |
7 total
team 2 (loser)
Hiichn00b (
yellow | 120 APM | 1719 actions | 14:17)
3 Paladin
2 Holy Light
1 Devotion Aura
1 Mountain King
1 Storm Bolt
» actions
| Assign group hotkey | 85 | |
| Basic commands | 78 | |
| Build / train | 43 | |
| Enter build submenu | 28 | |
| Enter hero's abilities submenu | 4 | |
| Remove unit from queue | 3 | |
| Right click | 654 | |
| Select / deselect | 274 | |
| Select group hotkey | 479 | |
| Use ability | 71 | |
1719 total
» units
| Peasant | 11 | |
| Footman | 7 | |
| Goblin Shredder | 1 | |
| Goblin Zeppelin | 1 | |
| Mortar Team | 4 | |
| Knight | 2 | |
26 total
» upgrades
| Defend | 1 | |
| Masonry | 1 | |
| Gunpowder | 1 | |
| Plating | 1 | |
| Animal War Training | 1 | |
| Flare | 1 | |
| Fragmentation Shards | 1 | |
7 total
» buildings
| Altar of Kings | 2 | |
| Barracks | 3 | |
| Farm | 11 | |
| Scout Tower | 3 | |
| Arcane Tower | 2 | |
| Lumber Mill | 1 | |
| Keep | 1 | |
| Blacksmith | 1 | |
| Arcane Vault | 1 | |
| Castle | 1 | |
| Workshop | 2 | |
| Arcane Sanctum | 1 | |
29 total
» build order
00:02 Altar of Kings
00:06 Altar of Kings
00:20 Barracks
00:34 Farm
01:05 Farm
01:45 Farm
01:50 Scout Tower
02:59 Scout Tower
03:09 Arcane Tower
03:15 Lumber Mill
03:41 Arcane Tower
03:42 Scout Tower
04:36 Farm
04:37 Farm
05:25 Keep
06:08 Blacksmith
06:12 Farm
07:25 Barracks
07:37 Farm
07:43 Arcane Vault
07:59 Castle
08:01 Workshop
08:05 Workshop
09:38 Barracks
09:47 Farm
09:48 Farm
09:49 Farm
10:34 Farm
13:26 Arcane Sanctum
Jesusyourmy (
blue | 145 APM | 1553 actions | 10:42)
2 Far Seer
1 Feral Spirit
1 Chain Lighting
» actions
| Assign group hotkey | 30 | |
| Basic commands | 7 | |
| Build / train | 40 | |
| ESC pressed | 3 | |
| Enter build submenu | 16 | |
| Enter hero's abilities submenu | 3 | |
| Right click | 547 | |
| Select / deselect | 253 | |
| Select group hotkey | 608 | |
| Use ability | 46 | |
1553 total
» units
» upgrades
| Witch Doctor Training | 2 | |
| Pulverize | 1 | |
3 total
» buildings
| Orc Burrow | 6 | |
| Barracks | 1 | |
| Altar of Storms | 1 | |
| Voodoo Lounge | 1 | |
| Stronghold | 3 | |
| Fortress | 2 | |
| War Mill | 1 | |
| Spirit Lodge | 1 | |
| Tauren Totem | 1 | |
17 total
» build order
00:06 Orc Burrow
00:08 Barracks
00:24 Altar of Storms
02:06 Orc Burrow
02:13 Voodoo Lounge
03:01 Stronghold
03:01 Stronghold
04:01 Orc Burrow
05:28 Fortress
05:28 Fortress
05:51 War Mill
06:05 Orc Burrow
07:39 Spirit Lodge
08:05 Tauren Totem
09:44 Orc Burrow
09:45 Orc Burrow
» items
| Healing Salve | 1 | |
| Lesser Clarity Potion | 1 | |
| Scroll of Speed | 1 | |
| Scroll of Town Portal | 1 | |
| Scroll of Regeneration | 1 | |
5 total

»
KeMaL (
purple | 74 APM | 1065 actions | 14:18)
1 Priestess of the Moon
1 Trueshot Aura
» actions
| Assign group hotkey | 10 | |
| Basic commands | 5 | |
| Build / train | 29 | |
| Enter build submenu | 14 | |
| Enter hero's abilities submenu | 1 | |
| Remove unit from queue | 2 | |
| Right click | 512 | |
| Select / deselect | 130 | |
| Select group hotkey | 347 | |
| Use ability | 15 | |
1065 total
» units
| Wisp | 9 | |
| Archer | 3 | |
| Glaive Thrower | 5 | |
| Chimaera | 3 | |
20 total
» upgrades
| Ultravision | 1 | |
| Shaman Training | 1 | |
| Corrosive Breath | 1 | |
3 total
» buildings
| Altar of Elders | 1 | |
| Moon Well | 4 | |
| Ancient of War | 2 | |
| Hunter's Hall | 1 | |
| Tree of Ages | 1 | |
| Ancient of Wind | 1 | |
| Tree of Eternity | 1 | |
| Chimaera Roost | 2 | |
13 total
» build order
00:26 Altar of Elders
00:37 Moon Well
01:18 Ancient of War
01:20 Ancient of War
01:48 Moon Well
02:19 Hunter's Hall
03:44 Moon Well
05:26 Tree of Ages
06:02 Moon Well
07:54 Ancient of Wind
08:40 Tree of Eternity
12:29 Chimaera Roost
12:34 Chimaera Roost
missgeburt (
green | 82 APM | 1174 actions | 14:14)
3 Archmage
2 Summon Water Elemental
1 Brilliance Aura
» actions
| Assign group hotkey | 30 | |
| Basic commands | 10 | |
| Build / train | 64 | |
| Enter build submenu | 29 | |
| Enter hero's abilities submenu | 3 | |
| Remove unit from queue | 1 | |
| Right click | 452 | |
| Select / deselect | 244 | |
| Select group hotkey | 275 | |
| Use ability | 66 | |
1174 total
» units
| Peasant | 20 | |
| Footman | 11 | |
| Mortar Team | 6 | |
37 total
» upgrades
| Defend | 1 | |
| Gunpowder | 1 | |
| Lumber Harvesting | 1 | |
| Fragmentation Shards | 1 | |
| Flare | 1 | |
| Armor | 1 | |
6 total
» buildings
| Altar of Kings | 1 | |
| Farm | 10 | |
| Barracks | 1 | |
| Lumber Mill | 1 | |
| Arcane Vault | 1 | |
| Keep | 2 | |
| Blacksmith | 1 | |
| Scout Tower | 8 | |
| Guard Tower | 6 | |
| Town Hall | 1 | |
| Castle | 1 | |
| Workshop | 3 | |
36 total
» build order
00:06 Altar of Kings
00:33 Farm
00:48 Barracks
00:59 Farm
01:31 Lumber Mill
01:45 Farm
02:48 Arcane Vault
03:31 Keep
03:31 Keep
03:56 Farm
04:25 Blacksmith
05:13 Scout Tower
05:13 Scout Tower
05:15 Scout Tower
05:15 Scout Tower
06:00 Guard Tower
06:24 Guard Tower
06:35 Town Hall
06:37 Scout Tower
06:39 Scout Tower
06:41 Scout Tower
07:05 Guard Tower
07:06 Guard Tower
07:58 Castle
08:32 Workshop
08:34 Workshop
08:56 Guard Tower
09:42 Farm
10:01 Farm
10:03 Scout Tower
10:28 Workshop
11:35 Guard Tower
11:52 Farm
11:54 Farm
11:56 Farm
» items
| Scroll of Regeneration | 3 | |
| Lesser Clarity Potion | 2 | |
| Potion of Healing | 1 | |
6 total
Chat log
(00:10 / All) missgeburt: are you the same ?
(00:16 / All) Birdeneering: always thesame
(00:16 / Allies) dogsandhorse.ru:
(00:18 / All) missgeburt: likas before ?
(00:19 / All) dogsandhorse.ru: ))
(00:21 / All) nutsonyochin.de: likas
(00:24 / All) missgeburt: as*
(00:25 / All) missgeburt: XD
(00:27 / All) nutsonyochin.de: no
(00:38 / All) nutsonyochin.de: cells have died, cells have been replaced
(00:44 / All) nutsonyochin.de: are we ever the same??
(00:55 / All) missgeburt: pls stfu noob
(00:59 / All) Jesusyourmy: :D
(01:08 / All) missgeburt: ihr sackratten
(04:55 / All) dogsandhorse.ru: lol purp
(13:25 / All) dogsandhorse.ru: aw yea